 Dungeon Crawl Stone Soup version 0.28.0-47-ge53b351184 (webtiles) character file.

Game seed: 9311789161965130207

104 Descartes the Grasshopper (level 5, -3/38 HPs)
             Began as a Formicid Warper on May 9, 2022.
             Slain by a gnoll
             ... wielding a +0 flail
              (6 damage)
             ... on level 2 of the Dungeon.
             The game lasted 00:03:37 (3148 turns).

Descartes the Grasshopper (Formicid Warper)         Turns: 3148, Time: 00:03:37

Health: -3/38      AC:  5    Str: 18    XL:     5   Next: 7%
Magic:  8/8        EV: 11    Int: 12    God:
Gold:   86         SH:  0    Dex: 10    Spells: 8/8 levels left

rFire   . . .      SeeInvis +   g - +2 whip (holy)
rCold   . . .      Faith    .   (no shield)
rNeg    . . .      Spirit   .   o - +0 ring mail
rPois   .          Reflect  .   (helmet unavailable)
rElec   .          Harm     .   (no cloak)
rCorr   .          Rampage  .   (no gloves)
Will    .....                   (no boots)
Stlth   ..........              (no amulet)
HPRegen 0.12/turn               (no ring)
MPRegen 0.11/turn               (no ring)

@: no status effects
A: permanent stasis, dig shafts and tunnels, antennae 3, four strong arms
a: Dig, Shaft Self


You were on level 2 of the Dungeon.
You visited 1 branch of the dungeon, and saw 2 of its levels.

You collected 86 gold pieces.

Inventory:

Hand Weapons
 a - a +0 mace
 g - a +2 whip of holy wrath (weapon)
Missiles
 c - 5 boomerangs of dispersal (quivered)
 e - 82 stones
 f - 18 sling bullets
 k - 26 arrows
 m - 3 boomerangs
Armour
 b - a +0 leather armour
 o - a +0 ring mail (worn)
Scrolls
 h - a scroll of acquirement {unknown}
 i - a scroll of amnesia {unknown}
 j - a scroll of enchant armour {unknown}
 l - a scroll of noise {unknown}
 n - a scroll of vulnerability {unknown}
 q - a scroll of teleportation {unknown}
Potions
 d - a potion of brilliance {unknown}
 p - a potion of might {unknown}


   Skills:
 - Level 2.1 Fighting
 + Level 2.9 Maces & Flails
 - Level 1.0 Throwing
 + Level 2.5 Armour
 - Level 1.7 Dodging
 + Level 2.3 Shields
 - Level 2.1 Spellcasting
 + Level 3.3 Translocations


You had 8 spell levels left.
You didn't know any spells.
Your spell library contained the following spells:

 Spells                   Type           Power      Damage    Failure   Level
 Gell's Gravitas          Tloc           9%         N/A       34%         3
 Lesser Beckoning         Tloc           9%         N/A       34%         3
 Teleport Other           Tloc           9%         N/A       34%         3
 Manifold Assault         Tloc           9%         N/A       97%         5
 Blink                    Tloc           Unusable   N/A       N/A         2

Dungeon Overview and Level Annotations

Branches:
Dungeon (2/15)

Altars:


Innate Abilities, Weirdness & Mutations

You cannot be hasted, slowed, berserked, paralysed or teleported.
You can dig through walls and to a lower floor.
You have a pair of large antennae on your head. (SInv)
Your four strong arms can wield two-handed weapons with a shield.


Message History

You hit the gnoll.
The gnoll is lightly wounded.
The gnoll closely misses you.
You whack the gnoll!
The gnoll is severely wounded.
The gnoll hits you with a +0 flail!
You are too injured to fight recklessly!
You are too injured to fight recklessly!
You are too injured to fight recklessly!
You are too injured to fight recklessly!
You are too injured to fight recklessly!
You are too injured to fight recklessly!
You are too injured to fight recklessly!
You are too injured to fight recklessly!
You are too injured to fight recklessly!
You are too injured to fight recklessly!
You are too injured to fight recklessly!
You are too injured to fight recklessly!
You are too injured to fight recklessly!
You are too injured to fight recklessly!
You are too injured to fight recklessly!
You are too injured to fight recklessly!
You hit the gnoll.
The gnoll is almost dead.
The gnoll hits you but does no damage.
You hit the gnoll.
You kill the gnoll!
You have reached level 5!
You hit the gnoll.
The gnoll is lightly wounded.
The gnoll hits you with a +0 flail.
* * * LOW HITPOINT WARNING * * *
You barely miss the gnoll.
The gnoll is lightly wounded.
The gnoll hits you with a +0 flail.
* * * LOW HITPOINT WARNING * * *
Unknown command.
The gnoll barely misses you. The gnoll hits you with a +0 flail.
You die...

......#######.#
#.# #.# ########
#.# #.# #.# #.#
#.# #.# #.# #.#
#.# #.# #.# #.#
#.# #.# #.#
#.####.# #)#
#.####.# #.##...#
#)# .......#
#.##.#########.#
..######
#....g.........#
......#
####@###########
..##..# #.#
.####.# #.# ##
##.# #.# # ##..#
#.# ###...# #.#
....#)##########.#
....#............#
###....###########


You could see a gnoll.

Vanquished Creatures
  3 gnolls (D:2)
  3 worms (D:2)
  2 dart slugs (D:1)
  4 orcs
  5 ball pythons
  4 endoplasms
  3 giant cockroaches
  4 goblins
  3 hobgoblins (D:2)
  2 jackals (D:1)
  4 kobolds
  3 quokkas
  5 bats (D:1)
  4 frilled lizards
  6 rats
55 creatures vanquished.

Notes
Turn   | Place    | Note
-------+----------+-------------------------------------------
     0 | D:1      | Descartes the Formicid Warper began the quest for the Orb.
     0 | D:1      | Reached XP level 1. HP: 16/16 MP: 3/3
   331 | D:1      | Reached XP level 2. HP: 22/22 MP: 5/5
   450 | D:1      | Reached skill level 1 in Shields
   804 | D:1      | Reached XP level 3. HP: 26/27 MP: 6/6
   866 | D:1      | Found a faded altar of an unknown god.
   901 | D:1      | Reached skill level 3 in Translocations
  1924 | D:2      | Reached XP level 4. HP: 28/33 MP: 7/7
  3135 | D:2      | Reached XP level 5. HP: 12/38 MP: 8/8
  3148 | D:2      | Slain by a gnoll

Illustrated notes

Levels and vault maps discovered:
D:1:      heliophobic_arrival_battle_scene, layout_basic, serial_glass,
          glass_columns_a, glass_columns_a,
          hellmonk_ecumenical_altar_heavens_door
D:2:      minmay_chambers_of_twos, layout_loops_ring, palyth_stone_intersect,
          kennysheep_generic_room_15

Skill      XL: |  1  2  3  4 |
---------------+-------------+-----
Shields        | 1 2 |  2.3
Translocations | 3 |  3.3
Armour         | 2 |  2.5
Fighting       | |  2.1
Maces & Flails | |  2.9
Throwing       | |  1.0
Dodging        | |  1.7
Spellcasting   | |  2.1

Action                   |  1- 3 |  4- 6 || total
-------------------------+-------+-------++-------
Melee: Mace              |    38 |       ||    38
       Whip              |    92 |    72 ||   164
       Punch             |     2 |       ||     2
Armor: Leather armour    |    29 |     7 ||    36
       Ring mail         |       |    10 ||    10
Dodge: Dodged            |    87 |    41 ||   128
